SL
D.C. DIVIDED @ ATHLETIC CLUB KC
09/18/2029
 
TOP OF THE 1ST
D.C. Divided batting - Pitching for Athletic Club KC : RHP Pedro Ramírez
Pitching: RHP Pedro Ramírez
Batting: LHB Sal Bradshaw 0-0: Ball
1-0: Foul Ball, location: 2F
1-1: Swinging Strike
1-2: Ball
2-2: Strikes out swinging, 2-3 out at first.
Batting: RHB Arturo Rodríguez 0-0: Called Strike
0-1: Ball
1-1: Swinging Strike
1-2: Ground out 4-3 (Groundball, 4)
Batting: RHB Mario Castillo 0-0: Ball
1-0: Foul Ball, location: 2F
1-1: SINGLE (Groundball, 34D)
Batting: RHB Wilfred McLaughlin 0-0: Foul Ball, location: 2F
0-1: Foul Ball, location: 2F
0-2: Strikes out looking
Top of the 1st over - 0 runs, 1 hit, 0 errors, 1 left on base; D.C. 0 - Athletic Club KC 0
BOTTOM OF THE 1ST
Athletic Club KC batting - Pitching for D.C. Divided : RHP Wally Copeland
Pitching: RHP Wally Copeland
Batting: SHB Sul-shik Yu 0-0: Called Strike
0-1: Fly out, F7 (Flyball, 7)
Batting: RHB Dong-min Cho 0-0: Ball
1-0: Called Strike
1-1: Fly out, F5 (Line Drive, 5S)
Batting: RHB David Edwards 0-0: Ball
1-0: Ball
2-0: Foul Ball, location: 2F
2-1: Swinging Strike
2-2: Ball
3-2: Strikes out looking
Bottom of the 1st over - 0 runs, 0 hits, 0 errors, 0 left on base; D.C. 0 - Athletic Club KC 0
TOP OF THE 2ND
D.C. Divided batting - Pitching for Athletic Club KC : RHP Pedro Ramírez
Batting: RHB Wilbur Davis 0-0: Called Strike
0-1: Foul Ball, location: 2F
0-2: Ball
1-2: Strikes out looking
Batting: LHB Neil Lawson 0-0: Ball
1-0: Called Strike
1-1: Called Strike
1-2: Ground out 4-3 (Groundball, 34D)
Batting: LHB Obidiah Lewis 0-0: Ball
1-0: Called Strike
1-1: Ball
2-1: Foul Ball, location: 2F
2-2: Fly out, F9 (Flyball, 9)
Top of the 2nd over - 0 runs, 0 hits, 0 errors, 0 left on base; D.C. 0 - Athletic Club KC 0
BOTTOM OF THE 2ND
Athletic Club KC batting - Pitching for D.C. Divided : RHP Wally Copeland
Batting: SHB Pedro Vázquez 0-0: Called Strike
0-1: Ball
1-1: Foul Ball, location: 2F
1-2: Ball
2-2: SINGLE (Line Drive, 4MD)
Batting: SHB Eric Moore 0-0: Ball
1-0: Called Strike
1-1: Ball
2-1: Ball
3-1: Foul Ball, location: 2F
3-2: Strikes out looking
Batting: RHB Jesús Vargas 0-0: Swinging Strike
0-1: Ball
1-1: Ball
Pedro Vázquez is caught stealing 2nd base
2-1: Swinging Strike
2-2: SINGLE (Groundball, 4S) (infield hit)
Batting: RHB Richard Younger 0-0: Ball
1-0: Ball
2-0: Called Strike
2-1: Ball
3-1: Called Strike
Pickoff Throw to First - Out!
Bottom of the 2nd over - 0 runs, 2 hits, 0 errors, 0 left on base; D.C. 0 - Athletic Club KC 0
TOP OF THE 3RD
D.C. Divided batting - Pitching for Athletic Club KC : RHP Pedro Ramírez
Batting: RHB Julián Salcido 0-0: Ball
1-0: Called Strike
1-1: TRIPLE (Flyball, 8RXD)
Batting: LHB Ryan Marken 0-0: Called Strike
0-1: Foul Ball, location: 2F
0-2: Reached on error, E5 (Groundball, 56)
Julián Salcido scores
Batting: LHB Sal Bradshaw 0-0: Ball
1-0: Foul Ball, location: 2F
1-1: Called Strike
1-2: Foul Ball, location: 2F
1-2: SINGLE (Groundball, 34S) (infield hit)
Ryan Marken to second
Batting: RHB Arturo Rodríguez 0-0: Ball
1-0: Ball
2-0: Called Strike
2-1: Foul Ball, location: 2F
2-2: Foul Ball, location: 2F
2-2: Ground out 5-3 (Groundball, 56S)
Ryan Marken to third
Sal Bradshaw to second
Batting: RHB Mario Castillo 0-0: SINGLE (Line Drive, 34)
Ryan Marken scores
Sal Bradshaw to third
Runner from 3rd tries for Home, SAFE, throw made home
Mario Castillo to second
Batting: RHB Wilfred McLaughlin 0-0: Swinging Strike
0-1: Ball
1-1: Ball
2-1: Ball
3-1: Foul Ball, location: 2F
3-2: Base on Balls
Batting: RHB Wilbur Davis 0-0: Foul Ball, location: 2F
0-1: Ball
1-1: Foul Ball, location: 2F
1-2: Foul Ball, location: 2F
1-2: Ball
2-2: Ball
3-2: SINGLE (Groundball, 56D)
Mario Castillo to third
Wilfred McLaughlin to second
Runner from 3rd tries for Home, SAFE, throw made home
Batting: LHB Neil Lawson 0-0: Ball
1-0: Ball
2-0: Ball
3-0: Foul Ball, location: 2F
3-1: Called Strike
3-2: Foul Ball, location: 2F
3-2: Foul Ball, location: 2F
3-2: Strikes out swinging
Wilfred McLaughlin is caught stealing 3rd base
Batter strikes out.
Top of the 3rd over - 4 runs, 4 hits, 1 error, 1 left on base; D.C. 4 - Athletic Club KC 0
BOTTOM OF THE 3RD
Athletic Club KC batting - Pitching for D.C. Divided : RHP Wally Copeland
Batting: RHB Richard Younger 0-0: Fly out, F8 (Flyball, 78M)
Batting: LHB Matt Herman 0-0: Ball
1-0: Ball
2-0: Ball
3-0: Called Strike
3-1: Ground out 5-3 (Groundball, 5L)
Batting: LHB Tony García 0-0: DOUBLE (Groundball, 3L)
Batting: SHB Sul-shik Yu 0-0: Ground out 3-1 (Groundball, 34S)
Bottom of the 3rd over - 0 runs, 1 hit, 0 errors, 1 left on base; D.C. 4 - Athletic Club KC 0
TOP OF THE 4TH
D.C. Divided batting - Pitching for Athletic Club KC : RHP Pedro Ramírez
Batting: LHB Obidiah Lewis 0-0: Called Strike
0-1: Foul Ball, location: 2F
0-2: Strikes out swinging
Batting: RHB Julián Salcido 0-0: Called Strike
0-1: Ball
1-1: Ball
2-1: Fly out, F8 (Flyball, 78D)
Batting: LHB Ryan Marken 0-0: Foul Ball, location: 2F
0-1: Ball
1-1: Ball
2-1: Fly out, F7 (Flyball, 7S)
Top of the 4th over - 0 runs, 0 hits, 0 errors, 0 left on base; D.C. 4 - Athletic Club KC 0
BOTTOM OF THE 4TH
Athletic Club KC batting - Pitching for D.C. Divided : RHP Wally Copeland
Batting: RHB Dong-min Cho 0-0: Ball
1-0: Foul Ball, location: 2F
1-1: Foul Ball, location: 2F
1-2: Ball
2-2: Foul Ball, location: 2F
2-2: Foul Ball, location: 2F
2-2: Ground out 5-3 (Groundball, 56)
Batting: RHB David Edwards 0-0: Fly out, F7 (Flyball, 7D)
Batting: SHB Pedro Vázquez 0-0: Ground out 4-3 (Groundball, 4D)
Bottom of the 4th over - 0 runs, 0 hits, 0 errors, 0 left on base; D.C. 4 - Athletic Club KC 0
TOP OF THE 5TH
D.C. Divided batting - Pitching for Athletic Club KC : RHP Pedro Ramírez
Batting: LHB Sal Bradshaw 0-0: Ball
1-0: Ball
2-0: Called Strike
2-1: Foul Ball, location: 2F
2-2: Ball
3-2: Fly out, F7 (Flyball, 7LS)
Batting: RHB Arturo Rodríguez 0-0: Ball
1-0: Foul Ball, location: 2F
1-1: Ground out 4-3 (Groundball, 4)
Batting: RHB Mario Castillo 0-0: Foul Ball, location: 2F
0-1: Ball
1-1: SINGLE (Flyball, 78S)
Batting: RHB Wilfred McLaughlin 0-0: Ball
1-0: Foul Ball, location: 2F
1-1: Ball
2-1: SINGLE (Flyball, 89S)
Mario Castillo to second
Runner from 2nd tries for 3rd, SAFE, no throw
Batting: RHB Wilbur Davis 0-0: Ground out U3 (Groundball, 3S)
Top of the 5th over - 0 runs, 2 hits, 0 errors, 2 left on base; D.C. 4 - Athletic Club KC 0
BOTTOM OF THE 5TH
Athletic Club KC batting - Pitching for D.C. Divided : RHP Wally Copeland
Batting: SHB Eric Moore 0-0: Ball
1-0: Ball
2-0: Foul Ball, location: 2F
2-1: SINGLE (Groundball, 4D)
Batting: RHB Jesús Vargas 0-0: Called Strike
0-1: Foul Ball, location: 2F
0-2: Strikes out swinging
Batting: RHB Richard Younger 0-0: Ball
1-0: Ball
2-0: Ball
3-0: Base on Balls
Eric Moore to second
Batting: LHB Matt Herman 0-0: Called Strike
0-1: Swinging Strike
0-2: Foul Ball, location: 2F
0-2: Foul Ball, location: 2F
0-2: Fly out, F9 (Flyball, 9S)
Batting: LHB Tony García 0-0: Ball
1-0: Ball
2-0: Ball
3-0: Called Strike
3-1: Foul Ball, location: 2F
3-2: Foul Ball, location: 2F
3-2: SINGLE (Groundball, 6MS) (infield hit)
Eric Moore to third
Richard Younger to second
Batting: SHB Sul-shik Yu 0-0: Ball
1-0: Ball
2-0: Fly out, F7 (Flyball, 78D)
Bottom of the 5th over - 0 runs, 2 hits, 0 errors, 3 left on base; D.C. 4 - Athletic Club KC 0
TOP OF THE 6TH
D.C. Divided batting - Pitching for Athletic Club KC : RHP Pedro Ramírez
Batting: LHB Neil Lawson 0-0: Foul Ball, location: 2F
0-1: Called Strike
0-2: Ball
1-2: Ground out U3 (Groundball, 3)
Batting: LHB Obidiah Lewis 0-0: Foul Ball, location: 2F
0-1: Ball
1-1: Foul Ball, location: 2F
1-2: Strikes out swinging
Batting: RHB Julián Salcido 0-0: Called Strike
0-1: Fly out, F9 (Flyball, 9LS)
Top of the 6th over - 0 runs, 0 hits, 0 errors, 0 left on base; D.C. 4 - Athletic Club KC 0
BOTTOM OF THE 6TH
Athletic Club KC batting - Pitching for D.C. Divided : RHP Wally Copeland
Batting: RHB Dong-min Cho 0-0: Ball
1-0: Swinging Strike
1-1: SINGLE (Groundball, 34D)
Pitching: RHP Mark Sanders
Batting: RHB David Edwards 0-0: Called Strike
0-1: SINGLE (Groundball, 6S) (infield hit)
Dong-min Cho to second
Batting: SHB Pedro Vázquez 0-0: Ball
1-0: Ball
2-0: Ball
3-0: Called Strike
3-1: Called Strike
3-2: Strikes out swinging
Batting: SHB Eric Moore 0-0: Called Strike
0-1: Fly out, F6 (Popup, P)
Batting: RHB Jesús Vargas 0-0: Ball
1-0: Foul Ball, location: 2F
1-1: Ball
2-1: Ground out 5-3 (Groundball, 5S)
Bottom of the 6th over - 0 runs, 2 hits, 0 errors, 2 left on base; D.C. 4 - Athletic Club KC 0
TOP OF THE 7TH
D.C. Divided batting - Pitching for Athletic Club KC : RHP Pedro Ramírez
Batting: LHB Ryan Marken 0-0: Ball
1-0: Reached on error, E4 (Groundball, 4)
Pitching: RHP Yue-rong Chen
Batting: LHB Sal Bradshaw 0-0: Sac Bunt - play at first, batter OUT! 1-3
Ryan Marken to second
Batting: RHB Arturo Rodríguez 0-0: Ball
1-0: Ground out 6-3 (Groundball, 56)
Batting: RHB Mario Castillo 0-0: Called Strike
0-1: Ball
1-1: Ground out 6-3 (Groundball, 6)
Top of the 7th over - 0 runs, 0 hits, 1 error, 1 left on base; D.C. 4 - Athletic Club KC 0
BOTTOM OF THE 7TH
Athletic Club KC batting - Pitching for D.C. Divided : RHP Mark Sanders
Batting: RHB Richard Younger 0-0: Ball
1-0: Called Strike
1-1: Called Strike
1-2: Ball
2-2: Strikes out swinging
Batting: LHB Matt Herman 0-0: Ball
1-0: Ground out 5-3 (Groundball, 56S)
Batting: LHB Tony García 0-0: Ball
1-0: Ground out 4-3 (Groundball, 34)
Bottom of the 7th over - 0 runs, 0 hits, 0 errors, 0 left on base; D.C. 4 - Athletic Club KC 0
TOP OF THE 8TH
D.C. Divided batting - Pitching for Athletic Club KC : RHP Yue-rong Chen
Batting: RHB Wilfred McLaughlin 0-0: Ball
1-0: Ball
2-0: Called Strike
2-1: Ball
3-1: Called Strike
3-2: Strikes out swinging
Batting: RHB Wilbur Davis 0-0: Called Strike
0-1: Swinging Strike
0-2: Ball
1-2: Ball
2-2: Foul Ball, location: 2F
2-2: Ball
3-2: Foul Ball, location: 2F
3-2: Foul Ball, location: 2F
3-2: Strikes out swinging
Batting: LHB Neil Lawson 0-0: Called Strike
0-1: Foul Ball, location: 2F
0-2: Ball
1-2: SOLO HOME RUN (Flyball, 9LD), Distance : 341 ft
Batting: LHB Obidiah Lewis 0-0: Ball
1-0: Called Strike
1-1: Foul Ball, location: 2F
1-2: Ball
2-2: Foul Ball, location: 2F
2-2: SINGLE (Flyball, 9LS)
Batting: RHB Julián Salcido 0-0: Ball
1-0: Swinging Strike
1-1: Foul Ball, location: 2F
1-2: Fly out, F9 (Flyball, 89D)
Top of the 8th over - 1 run, 2 hits, 0 errors, 1 left on base; D.C. 5 - Athletic Club KC 0
BOTTOM OF THE 8TH
Athletic Club KC batting - Pitching for D.C. Divided : RHP Mark Sanders
Batting: SHB Sul-shik Yu 0-0: Foul Ball, location: 2F
0-1: Fly out, F4 (Line Drive, 34D)
Batting: RHB Dong-min Cho 0-0: Ball
1-0: Ball
2-0: SINGLE (Flyball, 8LS)
Batting: RHB David Edwards 0-0: Ball
1-0: Ball
2-0: Called Strike
2-1: Ball
3-1: Grounds into double play, 5-4-3 (Groundball, 56)
Bottom of the 8th over - 0 runs, 1 hit, 0 errors, 0 left on base; D.C. 5 - Athletic Club KC 0
TOP OF THE 9TH
D.C. Divided batting - Pitching for Athletic Club KC : RHP Yue-rong Chen
Batting: LHB Ryan Marken 0-0: Ball
1-0: Swinging Strike
1-1: Ball
2-1: Swinging Strike
2-2: Ball
3-2: Base on Balls
Batting: LHB Sal Bradshaw 0-0: Ball
1-0: Foul Ball, location: 2F
1-1: Ball
2-1: Ball
3-1: Called Strike
3-2: Fielders Choice at 2nd, 4-6 (Groundball, 4)
Batting: RHB Arturo Rodríguez 0-0: Ball
1-0: Ball
Sal Bradshaw steals 2nd base
2-0: Ground out 1-3 (Groundball, 13)
Sal Bradshaw to third
Batting: RHB Mario Castillo 0-0: Ball
1-0: Ball
2-0: Ball
3-0: Called Strike
3-1: Ground out 5-3 (Groundball, 56)
Top of the 9th over - 0 runs, 0 hits, 0 errors, 1 left on base; D.C. 5 - Athletic Club KC 0
BOTTOM OF THE 9TH
Athletic Club KC batting - Pitching for D.C. Divided : RHP Mark Sanders
Batting: SHB Pedro Vázquez 0-0: Called Strike
0-1: Fly out, F8 (Flyball, 8RD)
Batting: SHB Eric Moore 0-0: Swinging Strike
0-1: Ball
1-1: Ball
2-1: Ball
3-1: Base on Balls
Batting: RHB Jesús Vargas 0-0: Ball
1-0: Called Strike
1-1: Swinging Strike
1-2: Ground out U3 (Groundball, 34S)
Eric Moore to second
Batting: RHB Richard Younger 0-0: Ball
1-0: Ball
2-0: Called Strike
2-1: Called Strike
2-2: Ball
3-2: Base on Balls
Batting: LHB Matt Herman 0-0: Called Strike
0-1: Foul Ball, location: 2F
0-2: Foul Ball, location: 2F
0-2: Ball
1-2: Ground out 6-3 (Groundball, 6S)
Bottom of the 9th over - 0 runs, 0 hits, 0 errors, 2 left on base; D.C. 5 - Athletic Club KC 0
Tuesday, December 19th, 2017 - OOTP Baseball 18.8 Build 76